 Dungeon Crawl Stone Soup version 0.25.0-45-g978344163c (webtiles) character file.

Game seed: 16365281688161818393

187 funkygono the Shooter (level 5, -9/45 HPs)
             Began as a Minotaur Hunter on July 11, 2020.
             Mangled by a big kobold
             ... wielding the +10 short sword of the Destroying Bear {chaos, *Corrode rElec MR+}
              (13 damage)
             ... while paralysed by a big kobold
             ... on level 3 of the Dungeon.
             The game lasted 00:08:52 (2949 turns).

funkygono the Shooter (Minotaur Hunter)             Turns: 2949, Time: 00:08:53

Health: -9/45      AC: 11    Str: 17    XL:     5   Next: 39%
Magic:  1/4        EV:  2    Int:  8    God:
Gold:   158        SH:  0    Dex: 11    Spells: 4/4 levels left

rFire    . . .     SeeInvis .   a - +0 mace
rCold    . . .     Gourm    .   (no shield)
rNeg     . . .     Faith    .   e - +0 chain mail
rPois    .         Spirit   .   (helmet restricted)
rElec    .         Reflect  .   p - +0 cloak
rCorr    .         Harm     .   (no gloves)
MR       .....                  h - +1 pair of boots
Stlth    ..........             (no amulet)
HPRegen  0.15/turn              (no ring)
MPRegen  0.09/turn              (no ring)

@: paralysed, lethally poisoned (-9 -> -15), lightly drained
A: retaliatory headbutt, horns 2
a: no special abilities


You were on level 3 of the Dungeon.
You were not hungry.

You visited 1 branch of the dungeon, and saw 3 of its levels.

You collected 158 gold pieces.

Inventory:

Hand Weapons
 a - a +0 mace (weapon)
 b - a +1 shortbow
Missiles
 c - 36 bolts
 d - 28 arrows
Armour
 e - a +0 chain mail (worn)
 h - a +1 pair of boots (worn)
 p - a +0 cloak (worn)
Scrolls
 g - 5 scrolls of teleportation
 o - a scroll of remove curse
 q - 2 scrolls of enchant armour
 r - a scroll of enchant weapon {unknown}
Potions
 i - 2 potions of heal wounds {unknown}
 j - 3 potions of cancellation
 l - 2 potions of resistance {unknown}
 m - 4 potions of curing
 n - a potion of lignification {unknown}
Comestibles
 f - 7 rations


   Skills:
 + Level 3.4(3.1) Fighting
 + Level 1.2(1.0) Maces & Flails
 + Level 6.5(6.2) Bows
 + Level 1.5(1.3) Armour
 + Level 2.2(2.0) Dodging
 + Level 1.1(0.9) Stealth


You had 4 spell levels left.
You didn't know any spells.
Your spell library was empty.

Dungeon Overview and Level Annotations

Branches:
Dungeon (3/15)

Altars:

Annotations:
D:3 ZZKoverts's ghost, amateur VSAr


Innate Abilities, Weirdness & Mutations

You reflexively headbutt those who attack you in melee.
You have a pair of horns on your head.


Message History

You suddenly lose the ability to move!
You feel sick.
The big kobold hits you with the +10 short sword of the Destroying Bear {chaos, *Corrode rElec MR+}!
The big kobold draws strength from your wounds!
You feel sick.
The big kobold hits you but does no damage.
You feel drained.
You feel sick.
The big kobold hits you with the +10 short sword of the Destroying Bear {chaos, *Corrode rElec MR+}.
You feel sick.
The big kobold hits you but does no damage.
You are electrocuted!
* * * LOW HITPOINT WARNING * * *
* * * LOW HITPOINT WARNING * * *
You feel sick.
The big kobold hits you but does no damage.
* * * LOW HITPOINT WARNING * * *
You feel sick.
The big kobold hits you with the +10 short sword of the Destroying Bear {chaos, *Corrode rElec MR+}!
You die...

#.......#.....
#.......###...
##.......##....
#..............
#..............
#..............
####..............
#.................
#@##.....#########
#K##....##.⌠.##...
#K###...#.#.#.##..
#K###.KK'..#..!#..
###K##....'.....%#..
#..KK.(KKK'..#...#..
#####.....#.#.#.##..
#.##..##.⌠.###..
#......##### #..


You could see a big kobold and 5 kobolds.

Vanquished Creatures
  A worker ant (D:2)
  3 adders (D:3)
  A shadow imp (D:3)
  3 oozes
  5 worms (D:2)
  5 dart slugs
  3 leopard geckos
  2 orcs (D:3)
  9 bats
  9 giant cockroaches
  10 goblins
  8 hobgoblins
  3 jackals (D:1)
  2 quokkas (D:2)
  A ball python (D:2)
  3 frilled lizards
  12 kobolds
  7 rats
87 creatures vanquished.

Notes
Turn   | Place    | Note
-------+----------+-------------------------------------------
     0 | D:1      | funkygono the Minotaur Hunter began the quest for the Orb.
     0 | D:1      | Reached XP level 1. HP: 18/18 MP: 0/0
   157 | D:1      | Reached XP level 2. HP: 22/25 MP: 1/1
   247 | D:1      | Reached skill level 5 in Bows
   534 | D:1      | Reached XP level 3. HP: 30/30 MP: 2/2
  1403 | D:2      | Reached XP level 4. HP: 37/37 MP: 3/3
  1646 | D:2      | Reached skill level 6 in Bows
  1668 | D:2      | Reached skill level 1 in Armour
  1756 | D:2      | Reached skill level 1 in Stealth
  2028 | D:3      | Reached skill level 1 in Maces & Flails
  2279 | D:3      | Reached XP level 5. HP: 45/45 MP: 4/4
  2840 | D:3      | Found a runed translucent gate.
  2841 | D:3      | Identified the +10 short sword of the Destroying Bear
                  | {chaos, *Corrode rElec MR+}
  2841 | D:3      | Found a runed translucent gate.
  2841 | D:3      | Noticed ZZKoverts's ghost (amateur VSAr)
  2842 | D:3      | Found a runed translucent gate.
  2943 | D:3      | Paralysed by a big kobold for 7 turns
  2949 | D:3      | Mangled by a big kobold

Illustrated notes

Levels and vault maps discovered:
D:1:      dpeg_arrival_stone_temple_mockup, layout_basic, hex_medium,
          minmay_pentomino_x4
D:2:      layout_basic, amethyst_killhole, kennysheep_nub, minmay_between
D:3:      layout_basic, gammafunk_ghost_nasty_kobolds

Skill      XL: |  1  2  3  4 |
---------------+-------------+-----
Bows           | 5 6 |  6.5
Fighting       | 3 |  3.4
Armour         | 1 |  1.5
Stealth        | 1 |  1.1
Maces & Flails | 1 |  1.2
Dodging        | |  2.2

Action                   |  1- 3 |  4- 6 || total
-------------------------+-------+-------++-------
Melee: Club              |     7 |       ||     7
       Mace              |    15 |    87 ||   102
       Headbutt          |     3 |    11 ||    14
 Fire: Shortbow          |    64 |    89 ||   153
  Use: Scroll            |     5 |     2 ||     7
  Eat: Chunk             |     1 |     5 ||     6
Armor: Chain mail        |    30 |    77 ||   107
Dodge: Dodged            |    18 |    47 ||    65
